 Dungeon Crawl Stone Soup version 0.25.1-9-gc5326a611f (webtiles) character file.

Game seed: 4401407809469068509

105 promet the Magician (level 4, -5/26 HPs)
             Began as a Deep Elf Wizard on Dec 22, 2020.
             Killed from afar by an orc wizard (6 damage)
             ... with a puff of frost
             ... on level 3 of the Dungeon.
             The game lasted 00:33:39 (2933 turns).

promet the Magician (Deep Elf Wizard)               Turns: 2933, Time: 00:33:39

Health: -5/26      AC:  2    Str:  3 (5)  XL:     4   Next: 53%
Magic:  6/14       EV: 13    Int: 22 (23) God:
Gold:   147        SH:  0    Dex: 13      Spells: 9/16 levels left

rFire    . . .     SeeInvis .   m - +2 quarterstaff (chaos)
rCold    . . .     Gourm    .   (shield currently unavailable)
rNeg     . . .     Faith    .   j - +0 robe
rPois    .         Spirit   .   b - +0 hat
rElec    .         Reflect  .   (no cloak)
rCorr    +         Harm     .   (no gloves)
MR       .....                  (no boots)
Stlth    ++........             (no amulet)
HPRegen  0.08/turn              h - ring of resist corrosion
MPRegen  0.14/turn              (no ring)

@: no status effects
A: talons 1, sense surroundings 1, robust 1
a: no special abilities


You were on level 3 of the Dungeon.
You were not hungry.

You visited 1 branch of the dungeon, and saw 3 of its levels.

You collected 147 gold pieces.

Inventory:

Hand Weapons
 a - a +0 short sword
 k - a +0 long sword
 m - a +2 quarterstaff of chaos (weapon)
 o - a +2 vorpal mace
Missiles
 c - 32 arrows
 e - 40 bolts
 f - 89 stones (quivered)
Armour
 b - a +0 hat (worn)
 j - a +0 robe (worn)
 n - a +1 cloak of poison resistance
Jewellery
 h - a ring of resist corrosion (left hand)
 l - a cursed amulet of guardian spirit
Comestibles
 d - 6 rations
 i - 3 chunks of flesh


   Skills:
 + Level 0.2 Fighting
 + Level 0.2(0.3) Short Blades
 + Level 0.2 Long Blades
 + Level 0.1 Staves
 + Level 2.6 Dodging
 + Level 3.0 Stealth
 * Level 6.6 Spellcasting
 + Level 1.2 Conjurations
 + Level 1.4 Summonings
 + Level 1.1 Translocations


You had 9 spell levels left.
You knew the following spells:

 Your Spells              Type           Power        Failure   Level  Hunger
a - Magic Dart            Conj           ##..         4%          1    None
b - Blink                 Tloc           N/A          9%          2    None
c - Call Imp              Summ           ##......     7%          2    None
d - Slow                  Hex            #.......     13%         2    None

Your spell library contained the following spells:

 Spells                   Type           Power        Failure   Level  Hunger
 Conjure Flame            Conj/Fire      ##......     21%         3    #......
 Mephitic Cloud           Conj/Pois/Air  #.......     22%         3    #......


Dungeon Overview and Level Annotations

Branches:
Dungeon (3/15)

Altars:

Annotations:
D:2 Natasha


Innate Abilities, Weirdness & Mutations

You have sharp toenails.
You passively map a small area around you.
You are robust. (+10% HP)


Message History

You blink.
The orc wizard looks encouraged for a moment.
Casting: Blink (safe; 9% risk of failure)
Confirm with . or Enter, or press ? or * to list all spells.
Aiming: Magic Dart (safe; 4% risk of failure)
Press: ? - help, Shift-Dir - straight line, f/p - orc wizard
Aim: an orc wizard, wielding a +0 dagger and wearing a +0 robe (almost dead, fast)
The magic dart hits the orc wizard but does no damage.
The orc wizard is almost dead.
The orc barely misses you.
You closely miss the orc wizard.
The orc wizard is almost dead.
The orc wizard barely misses you.
The orc wizard hits you but does no damage.
The orc misses you.
You closely miss the orc wizard.
The orc wizard is severely wounded.
The orc wizard gestures at you while chanting.
The puff of frost hits you.
You die...

, , ..........# *# . ##
*### #.......# #h
.o##⌠###8###......#* #....
.o........##...<..# #..oh.
..........8#......###...#h.
..o...o...##..........# #.
* * #...####.##..#### # * *
##.o.####.##.## ,
#8...8#@o.##.#
##...##o####.#
#..)##.##...#
#####.........##### *
........###......... ,
........##...####### ,
........###### ........# ,
, ........# *


You could see an orc wizard (fast) and an orc.

Vanquished Creatures
  An adder (D:2)
  3 oozes (D:1)
  A dart slug (D:1)
  A leopard gecko (D:1)
  5 bats
  2 giant cockroaches (D:1)
  3 hobgoblins
  3 jackals
  3 frilled lizards (D:1)
  7 goblins
  4 kobolds
  5 rats
  A plant (D:1)
39 creatures vanquished.

Vanquished Creatures (collateral kills)
  Crazy Yiuf (D:2)
  Natasha (D:2)
  An ooze (D:1)
  A worm (D:2)
  2 orcs (D:3)
  A giant cockroach (D:2)
  A goblin (D:2)
  5 jackals
  A kobold (D:1)
  A frilled lizard (D:2)
15 creatures vanquished.

Grand Total: 54 creatures vanquished

Notes
Turn   | Place    | Note
-------+----------+-------------------------------------------
     0 | D:1      | promet the Deep Elf Wizard began the quest for the Orb.
     0 | D:1      | Reached XP level 1. HP: 10/10 MP: 7/7
   116 | D:1      | Reached skill level 5 in Spellcasting
   364 | D:1      | Reached XP level 2. HP: 15/15 MP: 6/10
   424 | D:1      | Learned a level 2 spell: Blink
   427 | D:1      | Learned a level 2 spell: Call Imp
   430 | D:1      | Learned a level 2 spell: Slow
   657 | D:1      | Gained mutation: You are robust. (+10% HP) [potion of
                  | mutation]
   657 | D:1      | Gained mutation: You have sharp toenails. [potion of
                  | mutation]
   657 | D:1      | Gained mutation: You passively map a small area around you.
                  | [potion of mutation]
   936 | D:1      | Reached XP level 3. HP: 20/20 MP: 4/12
  1158 | D:2      | Reached skill level 6 in Spellcasting
  1565 | D:2      | Noticed Natasha
  1572 | D:2      | Killed Natasha
  1889 | D:2      | Reached XP level 4. HP: 26/26 MP: 11/14
  2122 | D:2      | Noticed Natasha
  2295 | D:2      | Found a runed translucent door.
  2296 | D:2      | Noticed Crazy Yiuf
  2322 | D:2      | Killed Crazy Yiuf
  2929 | D:3      | HP: 1/26 [orc wizard/puff of frost (10)]
  2933 | D:3      | Killed from afar by an orc wizard

Illustrated notes

Levels and vault maps discovered:
D:1:      saegor_arrival_simple_a, layout_loops_ring, serial_forest,
          infiniplex_forest_lined_3, infiniplex_forest_lined_room_2,
          infiniplex_forest_lined_room_2, infiniplex_forest_end_double,
          infiniplex_forest_3_way, infiniplex_forest_lined_3_way,
          infiniplex_forest_lined_2, serial_bayou_lake_a
D:2:      layout_basic, uniq_crazy_yiuf_cottage, uniq_natasha
D:3:      layout_rooms, serial_corexii_hall, chequers_hall_statues_corner_a,
          chequers_hall_statues_wall_a, corexii_hall_statues_l,
          corexii_hall_statues_s, corexii_hall_statues_x,
          corexii_hall_statues_s, uniq_sigmund

Skill      XL: |  1  2  3  4 |
---------------+-------------+-----
Spellcasting   | 5 6 |  6.6
Stealth        | 3 |  3.0
Fighting       | |  0.2
Short Blades   | |  0.2
Long Blades    | |  0.2
Staves         | |  0.1
Dodging        | |  2.6
Conjurations   | |  1.2
Summonings     | |  1.4
Translocations | |  1.1

Action                   |  1- 3 |  4- 6 || total
-------------------------+-------+-------++-------
Melee: Mace              |   111 |       ||   111
       Kick              |    22 |     2 ||    24
       Long sword        |    10 |     3 ||    13
       Short sword       |     6 |       ||     6
       Quarterstaff      |       |    22 ||    22
Throw: Stone             |     2 |       ||     2
 Cast: Magic Dart        |    53 |    15 ||    68
       Call Imp          |     8 |    15 ||    23
       Blink             |       |     1 ||     1
  Use: Potion            |     4 |       ||     4
       Scroll            |     5 |     5 ||    10
 Stab: Sleeping          |     5 |     2 ||     7
       Distracted        |     1 |       ||     1
  Eat: Chunk             |     3 |     4 ||     7
Armor: Robe              |     8 |    11 ||    19
Dodge: Dodged            |    41 |    22 ||    63
       Rpst.: Long sword |     3 |     1 ||     4
